 Dungeon Crawl Stone Soup version 0.29.0-4-gdea44cf6ec (webtiles) character file.

Game seed: 6089660641836695130

36 Mormegil the Trooper (level 3, -5/29 HPs)
             Began as a Demonspawn Berserker on Aug 26, 2022.
             Was a Believer of Trog.
             Killed by nerve-wracking pain
             ... invoked by Jessica
              (7 damage)
             ... on level 2 of the Dungeon.
             The game lasted 00:05:22 (1148 turns).

Mormegil the Trooper (Demonspawn Berserker)         Turns: 1148, Time: 00:05:22

Health: -5/29      AC:  5    Str: 19    XL:     3   Next: 19%
Magic:  3/3        EV: 12    Int:  8    God:    Trog [**....]
Gold:   36         SH:  0    Dex: 12    Spells: 2/2 levels left

rFire   . . .      SeeInvis .   a - +0 falchion
rCold   . . .      Faith    .   (no shield)
rNeg    . . .      Spirit   .   i - +0 leather armour
rPois   .          Reflect  .   (no helmet)
rElec   .          Harm     .   (no cloak)
rCorr   .          Rampage  .   (no gloves)
Will    .....                   (no boots)
Stlth   +.........              (no amulet)
HPRegen 0.09/turn               (no ring)
MPRegen 0.08/turn               (no ring)

@: no status effects
A: thin metallic scales 1
a: Renounce Religion, Berserk, Trog's Hand


You were on level 2 of the Dungeon.
You worshipped Trog.
Trog was pleased with you.
You visited 1 branch of the dungeon, and saw 2 of its levels.

You collected 36 gold pieces.

Inventory:

Hand Weapons
 a - a +0 falchion (weapon)
Armour
 b - a +0 animal skin
 i - a +0 leather armour (worn)
Scrolls
 d - a scroll of identify {unknown}
 e - a scroll of teleportation {unknown}
 j - a scroll of fear {unknown}
 l - a scroll of immolation {unknown}
Potions
 c - a potion of might {unknown}
 f - a potion of attraction {unknown}
 g - a potion of degeneration {unknown}
 h - a potion of brilliance {unknown}
 k - a potion of lignification {unknown}


   Skills:
 + Level 3.4 Fighting
 + Level 3.1 Long Blades
 + Level 1.9 Armour
 + Level 2.3 Dodging
 + Level 0.1 Stealth


You had 2 spell levels left.
You didn't know any spells.
Your spell library was empty.

Dungeon Overview and Level Annotations

Branches:
Dungeon (2/15)

Altars:

Annotations:
D:2 Jessica


Innate Abilities, Weirdness & Mutations

You are partially covered in thin metallic scales. (AC +2)


Message History

Trog accepts your kill.
You barely miss the goblin. The goblin hits you with a +0 dagger.
You slash the goblin!
You kill the goblin!
Trog accepts your kill.
You hit the quokka.
The quokka is lightly wounded.
The quokka barely misses you. The quokka misses you.
You slash the quokka!
You kill the quokka!
Trog accepts your kill.
You can now call upon Trog for regeneration and willpower.
You see here a +0 dagger.
l - a scroll labelled VOYNNI APAYRR You see here a +0 dagger.
You see here a +0 dagger.
Found a spear.
Jessica shouts!
Jessica shouts, "I don't like beings like you!"
Jessica hits you with a +0 club.
You hit Jessica.
Jessica is heavily wounded.
Jessica casts a spell.
Jessica blinks!
Jessica gestures at you while chanting. Pain shoots through your body!
Jessica closely misses you.
You barely miss Jessica.
Jessica is heavily wounded.
Jessica hits you with a +0 club.
You hit Jessica.
Jessica is severely wounded.
Jessica gestures at you while chanting. Pain shoots through your body!
* * * LOW HITPOINT WARNING * * *
You barely miss Jessica.
Jessica is severely wounded.
Jessica casts a spell at you. Pain shoots through your body!
You die...

# ##########
###########...)..... #
...........#####...
####.##.........#####.##
......@.................
#@................
##...#.#....###...
#.....#..#.# #.#.
....).####..#.# #.##
#..##.## #..#.# #. #.
#.# #..# . . . ... ..# .
# ##.#


You could see Jessica.

Vanquished Creatures
  A worm (D:2)
  2 dart slugs (D:1)
  An endoplasm (D:2)
  A giant cockroach (D:1)
  2 goblins
  4 hobgoblins
  2 jackals (D:1)
  2 quokkas (D:2)
  3 ball pythons (D:1)
  5 bats
  2 kobolds
  2 rats (D:1)
27 creatures vanquished.

Notes
Turn   | Place    | Note
-------+----------+-------------------------------------------
     0 | D:1      | Mormegil the Demonspawn Berserker began the quest for the
                  | Orb.
     0 | D:1      | Reached XP level 1. HP: 18/18 MP: 1/1
   324 | D:1      | Gained mutation: You are partially covered in thin metallic
                  | scales. (AC +2) [demonic ancestry]
   324 | D:1      | Reached XP level 2. HP: 22/24 MP: 2/2
   501 | D:1      | Found a faded altar of an unknown god.
   976 | D:2      | Reached XP level 3. HP: 21/29 MP: 3/3
  1100 | D:2      | Noticed Jessica
  1112 | D:2      | Reached ** piety under Trog
  1148 | D:2      | Killed from afar by Jessica

Illustrated notes

Levels and vault maps discovered:
D:1:      amcnicky_arrival_abandoned_market, layout_loops_cross,
          ebering_ecumenical_altar_webs
D:2:      layout_loops_ring, roderic_roman_lattice, minmay_hedge_maze,
          uniq_jessica

Skill      XL: |  1  2 |
---------------+-------+-----
Dodging        | 2 |  2.3
Long Blades    | 3 |  3.1
Fighting       | |  3.4
Armour         | |  1.9
Stealth        | |  0.1

Action                   || total
-------------------------++-------
Melee: Falchion          ||    94
 Stab: Sleeping          ||     2
Armor: Animal skin       ||    10
       Leather armour    ||    10
Dodge: Dodged            ||    71
